 Dungeon Crawl Stone Soup version 0.26.1-2-gb8aa6d0cf2 (webtiles) character file.

Game seed: 11271001254443646343

74 Revguard the Stinger (level 4, -3/27 HPs)
             Began as an Octopode Venom Mage on Feb 27, 2021.
             Slain by a gnoll
             ... wielding a +0 spear
              (10 damage)
             ... on level 2 of the Dungeon.
             The game lasted 00:07:18 (2259 turns).

Revguard the Stinger (Octopode Venom Mage)          Turns: 2259, Time: 00:07:20

Health: -3/27      AC:  1    Str:  7    XL:     4   Next: 30%
Magic:  4/7        EV:  7    Int: 17    God:
Gold:   79         SH:  0    Dex: 13    Spells: 2/8 levels left

rFire    . . .     SeeInvis .   o - +0 dagger
rCold    . . .     Faith    .   (no shield)
rNeg     . . .     Spirit   .   (helmet restricted)
rPois    .         Reflect  .   (no amulet)
rElec    .         Harm     .   i - ring of resist corrosion
rCorr    +         Rampage  .   (no ring)
Will     .....                  (no ring)
Stlth    ++........             (no ring)
HPRegen  0.09/turn              (no ring)
MPRegen  0.10/turn              (no ring)
                                (no ring)
                                (no ring)

@: confused, attractive, held
A: almost no armour, stealthy swim, amphibious, 8 rings, constrict 8, camouflage
1, gelatinous body 1
a: no special abilities


You were on level 2 of the Dungeon.
You visited 1 branch of the dungeon, and saw 2 of its levels.

You collected 79 gold pieces.

Inventory:

Hand Weapons
 o - a +0 dagger (weapon)
Jewellery
 i - a ring of resist corrosion (left tentacle)
Scrolls
 a - 3 scrolls of teleportation {unknown}
 e - a scroll of identify {unknown}
 f - a scroll of fear {unknown}
 g - a scroll of enchant armour {unknown}
 h - a scroll of remove curse {unknown}
 n - a scroll of magic mapping {unknown}
 p - a scroll of immolation {unknown}
Potions
 b - a potion of curing
 j - 2 potions of lignification {unknown}
 k - a potion of magic {unknown}
 l - a potion of degeneration {unknown}
 m - a potion of invisibility {unknown}


   Skills:
 + Level 0.2 Fighting
 + Level 2.2 Dodging
 + Level 3.2 Stealth
 + Level 0.1 Unarmed Combat
 + Level 2.5 Spellcasting
 + Level 1.9 Transmutations
 + Level 4.6 Poison Magic


You had 2 spell levels left.
You knew the following spells:

 Your Spells              Type           Power        Failure   Level
a - Sting                 Tmut/Pois      52%          4%          1
b - Poisonous Vapours     Pois/Air       20%          11%         2
c - Ignite Poison         Fire/Tmut/Pois 9%           22%         3

Your spell library contained the following spells:

 Spells                   Type           Power        Failure   Level
 Olgreb's Toxic Radiance  Pois           17%          26%         4
 Mephitic Cloud           Conj/Pois/Air  7%           28%         3


Dungeon Overview and Level Annotations

Branches:
Dungeon (2/15)

Altars:


Innate Abilities, Weirdness & Mutations

You cannot wear most types of armour.
You are very stealthy in the water. (Stealth+)
You are amphibious.
You can wear up to eight rings at the same time.
You can use your tentacles to constrict eight enemies at once.
Your skin changes colour to match your surroundings (Stealth+).
Your rubbery body absorbs attacks. (AC +1, EV +1)


Message History

* * * LOW HITPOINT WARNING * * *
Casting: Poisonous Vapours (safe; 11% risk of failure)
Confirm with . or Enter, or press ? or * to list all spells.
Aiming: Poisonous Vapours (safe; 11% risk of failure)
Press: ? - help, Dir - move target, f - gnoll
Aim: a gnoll Poisonous vapours surround the gnoll!
The gnoll is engulfed in poison gas.
The gnoll is poisoned.
The gnoll closely misses you.
It was a potion of curing.
You feel better. The gnoll barely misses you. x2
It was a potion of attraction.
You feel attractive to monsters. The gnoll hits you.
The gnoll hits you but does no damage. The gnoll is pulled toward you! x3
It was a potion of ambrosia.
You are confused.
You feel invigorated. The gnoll barely misses you.
The gnoll hits you with a +0 spear.
* * * LOW HITPOINT WARNING * * *
The gnoll hits you with a +0 spear!
You die...

.#.#.#.########.#.#..####......#
.#.#.#.########.#.#........#..##
.#.#.#..........#.....[....#..#
.#.#.#######)............#.#..#
.......####..........###.#.#..#
.....#....'....##.#..###.#.#..###
..#########....##...(............
†..............##.#..###.#.#..##.
..####..#####..g@.#..# #.........
..# #..........gg.+.># #.........
.## #..#..##...g..#### #..#####..
.# #.#_#.##......# #..#$($#.. .#
#.†#.....###### #..#!([#.. .#
#.....#### #..#!(?#.. .# ###.#.#
#...# ###g#


You could see 4 gnolls.

Vanquished Creatures
  Terence (D:2)
  2 adders (D:2)
  2 ball pythons
  2 giant cockroaches (D:1)
  6 goblins
  5 hobgoblins
  7 kobolds
  2 quokkas (D:2)
  3 bats (D:1)
  A frilled lizard (D:1)
  4 rats
35 creatures vanquished.

Notes
Turn   | Place    | Note
-------+----------+-------------------------------------------
     0 | D:1      | Revguard the Octopode Venom Mage began the quest for the
                  | Orb.
     0 | D:1      | Reached XP level 1. HP: 11/11 MP: 3/3
   244 | D:1      | Reached skill level 4 in Poison Magic
   244 | D:1      | Reached XP level 2. HP: 12/17 MP: 3/5
   251 | D:1      | Learned a level 2 spell: Poisonous Vapours
  1233 | D:1      | Reached XP level 3. HP: 21/21 MP: 4/6
  1423 | D:1      | Learned a level 3 spell: Ignite Poison
  1487 | D:2      | Noticed Terence
  1493 | D:2      | Killed Terence
  1873 | D:2      | Reached XP level 4. HP: 27/27 MP: 0/7
  2207 | D:2      | Found a faded altar of an unknown god.
  2259 | D:2      | Slain by a gnoll

Illustrated notes

Levels and vault maps discovered:
D:1:      mrwooster_arrival_statue, layout_basic, st_stairs_12
D:2:      layout_basic, chequers_ecumenical_altar_simple, due_unseen_surprise,
          uniq_terence, uniq_jessica

Skill      XL: |  1  2  3 |
---------------+----------+-----
Poison Magic   | 4 |  4.6
Stealth        | 3 |  3.2
Fighting       | |  0.2
Dodging        | |  2.2
Unarmed Combat | |  0.1
Spellcasting   | |  2.5
Transmutations | |  1.9

Action                   |  1- 3 |  4- 6 || total
-------------------------+-------+-------++-------
Melee: Unarmed           |    24 |       ||    24
       Constrict         |    12 |     5 ||    17
       Tentacles         |     8 |     1 ||     9
       Dagger            |     5 |    12 ||    17
 Cast: Sting             |    21 |     1 ||    22
       Poisonous Vapours |     7 |     5 ||    12
  Use: Potion            |       |     3 ||     3
Armor: Skin              |       |     2 ||     2
Dodge: Dodged            |    22 |    13 ||    35
